 Dungeon Crawl Stone Soup version 0.29-a0-284-gf9362112df (webtiles) character file.

Game seed: 1505334999546867392

37 mistaj the Skirmisher (level 3, -3/24 HPs)
             Began as a Gargoyle Monk on Mar 27, 2022.
             Slain by Terence
             ... wielding a +0 flail
              (6 damage)
             ... on level 1 of the Dungeon.
             The game lasted 00:02:07 (2023 turns).

mistaj the Skirmisher (Gargoyle Monk)               Turns: 2023, Time: 00:02:08

Health: -3/24      AC:  8    Str: 16    XL:     3   Next: 41%
Magic:  3/3        EV: 11    Int: 10    God:
Gold:   69         SH:  0    Dex: 12    Spells: 2/2 levels left

rFire   . . .      SeeInvis +   a - +0 mace
rCold   . . .      Faith    .   (no shield)
rNeg    + . .      Spirit   .   h - +0 ring mail
rPois   ∞          Reflect  .   (no helmet)
rElec   +          Harm     .   (no cloak)
rCorr   .          Rampage  .   (no gloves)
Will    .....                   (no boots)
Stlth   +.........              (no amulet)
HPRegen 0.08/turn               j - ring of see invisible
MPRegen 0.08/turn               (no ring)

@: no status effects
A: sickness immunity, AC +3, negative energy resistance 1, electricity
resistance, torment resistance 1, petrification resistance
a: no special abilities


You were on level 1 of the Dungeon.
You visited 1 branch of the dungeon, and saw 2 of its levels.

You collected 69 gold pieces.

Inventory:

Hand Weapons
 a - a +0 mace (weapon)
Missiles
 n - 2 javelins (quivered)
Armour
 h - a +0 ring mail (worn)
Jewellery
 j - a ring of see invisible (left hand)
 l - a ring of magical power
Scrolls
 b - a scroll of teleportation {unknown}
 d - 4 scrolls of identify {unknown}
 e - a scroll of immolation {unknown}
 i - a scroll of amnesia {unknown}
 k - a scroll of enchant weapon {unknown}
 m - a scroll of fog {unknown}
Potions
 c - a potion of ambrosia
 f - a potion of attraction {unknown}
 g - 2 potions of degeneration {unknown}


   Skills:
 + Level 3.8 Fighting
 + Level 3.5 Maces & Flails
 + Level 1.7 Armour
 - Level 2.4 Dodging
 - Level 2.1 Stealth


You had 2 spell levels left.
You didn't know any spells.
Your spell library contained the following spells:

 Spells                   Type           Power      Damage    Failure   Level
 Freezing Cloud           Conj/Ice/Air   0%         6-21      100%        5
 Simulacrum               Ice/Necr       0%         N/A       100%        6
 Polar Vortex             Ice            0%         N/A       100%        9


Dungeon Overview and Level Annotations

Branches:
Dungeon (2/15)

Altars:

Annotations:
D:1 Terence
D:2 Natasha


Innate Abilities, Weirdness & Mutations

You are immune to sickness and miasma.
Your stone body is resilient. (AC +3)
You are immune to poison.
You resist negative energy. (rN+)
You are resistant to electric shocks. (rElec)
You are resistant to unholy torment.
You are immune to petrification.


Message History

d - 4 scrolls labelled BOREN LIYHEDWE (gained 1)
You now have 63 gold pieces (gained 4).
You now have 69 gold pieces (gained 6).
You see here 2 javelins.
n - 2 javelins Terence is nearby!
Terence shouts!
You hear an angry hiss.
Terence drinks a potion.
Terence flickers and vanishes for a moment.
Terence shouts, "Get ready for death!"
Terence hits you with a +0 flail.
There is a stone staircase leading up here.
Terence screams, "I want your blood!" Terence hits you with a +0 flail.
You climb upwards.
There is a stone staircase leading down here.
You hit Terence but do no damage. Terence completely misses you.
Terence closely misses you.
You hit Terence but do no damage. Terence closely misses you.
You barely miss Terence. Terence closely misses you.
You hit Terence.
Terence is lightly wounded.
Terence closely misses you.
You barely miss Terence.
Terence is lightly wounded.
Terence closely misses you. x2
You sock Terence!
Terence is heavily wounded.
Terence hits you with a +0 flail!
You hit Terence.
Terence is heavily wounded.
Terence barely misses you.
You hit Terence but do no damage.
Terence is heavily wounded.
Terence hits you with a +0 flail!
* * * LOW HITPOINT WARNING * * *
You hit Terence but do no damage.
Terence is heavily wounded.
Terence hits you with a +0 flail.
You die...

#...#..#_#.≈.#
#...#..#.#.≈.#
##.P..P...P#..#
#..P...⌠P..#..#
#.#........#P.#
#.#P.....≈P#..#
#..P...P...P#.####
#...P.≈≈.PP.#....#########
#.#####÷@@................
#.# #..>..................
#######.#
#....###.....#########
#.......# #....# #.....#
#.#########....# #.....#
#...# #...#....# #.....#
###.# #...#....# #######
## #.# #...#....# #. #.#
#...###### ##########.


You could see Terence (invisible).

Vanquished Creatures
  An adder (D:1)
  A worm (D:2)
  4 ball pythons
  4 endoplasms
  A giant cockroach (D:1)
  2 goblins (D:1)
  2 hobgoblins (D:1)
  A quokka (D:1)
  2 bats
  2 frilled lizards (D:1)
  A kobold (D:1)
  4 rats (D:1)
25 creatures vanquished.

Notes
Turn   | Place    | Note
-------+----------+-------------------------------------------
     0 | D:1      | mistaj the Gargoyle Monk began the quest for the Orb.
     0 | D:1      | Reached XP level 1. HP: 14/14 MP: 1/1
   400 | D:1      | Reached XP level 2. HP: 15/19 MP: 2/2
   974 | D:1      | Reached skill level 1 in Armour
   976 | D:1      | Found a faded altar of an unknown god.
  1620 | D:1      | Reached XP level 3. HP: 24/24 MP: 3/3
  1726 | D:2      | Noticed Natasha
  1739 | D:2      | Noticed Terence
  2023 | D:1      | Slain by Terence

Illustrated notes

Levels and vault maps discovered:
D:1:      saegor_arrival_simple_a, layout_basic,
          shapermc_ecumenical_altar_mp_ritualfount, minmay_tripent
D:2:      layout_basic, uniq_terence, uniq_natasha

Skill      XL: |  1  2 |
---------------+-------+-----
Armour         | 1 |  1.7
Fighting       | |  3.8
Maces & Flails | |  3.5
Dodging        | |  2.4
Stealth        | |  2.1

Action                   || total
-------------------------++-------
Melee: Mace              ||    79
Armor: Robe              ||    14
       Ring mail         ||    11
Dodge: Dodged            ||    48

Table legend: (Time is in decaauts)
 A = Elapsed time spent in this place.
 B = Non-inter-level travel time spent in this place.
 C = Inter-level travel time spent in this place.
 D = Time resting spent in this place.
 E = Time spent auto-exploring this place.
 F = Levels seen in this place.
 G = Mean time per level.
                   A        B        C        D        E       F      G
               +--------+--------+--------+--------+--------+-----+--------+
         Total |   2052 |   1993 |     59 |    991 |    664 |   2 | 1026.0 |
       Dungeon |   2052 |   1993 |     59 |    991 |    664 |   2 | 1026.0 |
               +--------+--------+--------+--------+--------+-----+--------+

Top non-repeatable levels by time:
     D:1: 1678 daAuts
     D:2: 374 daAuts
